 Dungeon Sprint DCSS version 0.28.0-49-g6dfe1f597d (webtiles) character file.

Game seed: 15971064374517467154

767 Revguard the Fighter (level 7, -4/63 HPs)
             Began as a Demonspawn Gladiator on May 12, 2022.
             Was an Initiate of Jiyva.
             Succumbed to Sonja's poison
             ... in the Dungeon (Sprint I: "Red Sonja").
             The game lasted 00:03:39 (404 turns).

Revguard the Fighter (Demonspawn Gladiator)          Turns: 404, Time: 00:03:39

Health: -4/63      AC:  5    Str: 16    XL:     7   Next: 52%
Magic:  7/7        EV: 15    Int:  9    God:    Jiyva [......]
Gold:   152        SH:  0    Dex: 15    Spells: 6/6 levels left

rFire   . . .      SeeInvis .   a - +0 long sword
rCold   + . .      Faith    .   (no shield)
rNeg    . . .      Spirit   .   e - +1 leather armour {rC+}
rPois   .          Reflect  .   (helmet restricted)
rElec   .          Harm     .   (no cloak)
rCorr   .          Rampage  .   (no gloves)
Will    .....      NoTele   +   (no boots)
Stlth   +.........              (no amulet)
HPRegen 0.20/turn               (no ring)
MPRegen 0.10/turn               (no ring)

@: lethally poisoned (-4 -> -48)
A: horns 1, foul stench 1, powered by pain 1
a: Renounce Religion


You were in the Dungeon.
You worshipped Jiyva.
Jiyva was noncommittal.
You visited 1 branch You collected 297 gold pieces.
You spent 145 gold pieces at shops.

Inventory:

Hand Weapons
 a - a +0 long sword (weapon)
Missiles
 d - a throwing net (quivered)
Armour
 b - a +0 leather armour
 c - a +0 helmet
 e - a +1 leather armour of cold resistance (worn)
Wands
 i - a wand of iceblast (9)
Potions
 h - 2 potions of magic


   Skills:
 + Level 8.6 Fighting
 + Level 8.1 Long Blades
 - Level 1.7 Throwing
 + Level 7.5 Armour
 + Level 8.1 Dodging


You had 6 spell levels left.
You didn't know any spells.
Your spell library was empty.

Dungeon Overview and Level Annotations

Branches:
Dungeon (1/1)

Altars:
Cheibriados
Dithmenos
Elyvilon
Fedhas
Gozag
Hepliaklqana
Kikubaaqudgha
Makhleb
Nemelex Xobeh
Okawaru
Qazlal
Ru
Sif Muna
Trog
Uskayaw
Vehumet
Wu Jian
Xom
Yredelemnul
Zin
The Shining One
Jiyva
Lugonu

Shops:
D [

Annotations:
D Sonja


Innate Abilities, Weirdness & Mutations

You have a pair of small horns on your head.
You may rarely emit foul miasma when damaged in melee.
You sometimes gain a little power by taking damage.


Message History

The mass of ice explodes!
The iceblast engulfs Sonja!
Sonja is almost dead.
You feel very sick.
Sonja gestures wildly while chanting.
Sonja blinks!
The centaur warrior wields a +0 shortbow.
The centaur warrior shoots an arrow.
The arrow hits you!
* * * LOW HITPOINT WARNING * * *
You feel much better.
You feel very sick.
Sonja throws a curare-tipped dart.
The curare-tipped dart closely misses you.
A deep troll comes into view.
The centaur warrior shoots an arrow.
The arrow misses you.
Sonja casts a spell.
Sonja blinks!
Aiming: Iceblast
Press: ? - help, Shift-Dir - straight line, p - Sonja The mass of ice explodes!
The iceblast engulfs the centaur warrior!
You kill the centaur warrior!
You feel very sick. Sonja misses you.
Sonja hits you with a +0 dagger of venom.
* * * LOW HITPOINT WARNING * * *
You are lethally poisoned!
Sonja hits you with a +0 dagger of venom.
* * * LOW HITPOINT WARNING * * *
You are more poisoned.
Your Fighting skill increases to level 8!
Your Long Blades skill increases to level 8!
Your Armour skill increases to level 7!
Your Dodging skill increases to level 8!
* * * LOW HITPOINT WARNING * * *
You feel extremely sick.
Sonja hits you with a +0 dagger of venom.
* * * LOW HITPOINT WARNING * * *
You are more poisoned.
Sonja closely misses you. Sonja misses you.
You die...

###################
#<.#..').#.)'..#__#
#..)..#..'..#..'..+
#..#####'#####G#__# ##
#..####..#...#@####..#
#..#__####..##.#§§≈.§#.
#..#_____##'#_KT≈≈≈§.'.
#⌠⌠#_.∩...'...§#§≈§..#.
####_..__##_)#+##§####
#_____###G# $§. #######
#.# ### ... ...


You could see a deep troll, Sonja, a neutral shining eye (wandering)(fellow
slime) and a neutral floating eye (wandering)(fellow slime).

Vanquished Creatures
  A centaur warrior (D)
  A slime creature (D)
  Sigmund (D)
  A yak (D)
  An ogre (D)
  Ijyb (D)
6 creatures vanquished.

Vanquished Creatures (others)
  A shining eye (D)
  3 floating eyes (D)
  7 necrophages (D)
  10 jellies (D)
21 creatures vanquished.

Grand Total: 27 creatures vanquished

Notes
Turn   | Place    | Note
-------+----------+-------------------------------------------
     0 | D        | Revguard the Demonspawn Gladiator began the quest for the
                  | Orb.
     0 | D        | Reached XP level 1. HP: 16/16 MP: 1/1
     2 | D        | Noticed Ijyb
    11 | D        | Killed Ijyb
    12 | D        | Gained mutation: You sometimes gain a little power by
                  | taking damage. [demonic ancestry]
    12 | D        | Reached XP level 2. HP: 17/24 MP: 2/2
   159 | D        | Noticed an ogre
   167 | D        | Killed an ogre
   168 | D        | Reached skill level 5 in Dodging
   168 | D        | Reached XP level 3. HP: 32/32 MP: 3/3
   168 | D        | Reached XP level 4. HP: 38/38 MP: 4/4
   180 | D        | Noticed Sigmund
   194 | D        | Killed Sigmund
   195 | D        | Reached skill level 5 in Armour
   195 | D        | Reached XP level 5. HP: 29/47 MP: 5/5
   329 | D        | Found a burning altar of Makhleb.
   329 | D        | Found a viscous altar of Jiyva.
   329 | D        | Found a shimmering altar of Xom.
   329 | D        | Found a corrupted altar of Lugonu.
   329 | D        | Noticed a slime creature
   335 | D        | Killed a slime creature
   336 | D        | Gained mutation: You may rarely emit foul miasma when
                  | damaged in melee. [demonic ancestry]
   336 | D        | Reached XP level 6. HP: 40/55 MP: 6/6
   338 | D        | Became a worshipper of Jiyva Jaenn the Shapeless
   342 | D        | Found an ornate altar of the Wu Jian Council.
   342 | D        | Found a shimmering blue altar of Sif Muna.
   344 | D        | Found a radiant altar of Vehumet.
   348 | D        | Noticed a floating eye
   368 | D        | Found Tuym Ofo's Antique Armour Emporium.
   368 | D        | Found an ancient bone altar of Kikubaaqudgha.
   368 | D        | Found a hazy altar of Hepliaklqana.
   368 | D        | Found a stormy altar of Qazlal.
   368 | D        | Found a hide-covered altar of Uskayaw.
   368 | D        | Found a blossoming altar of Fedhas.
   368 | D        | Found a bloodstained altar of Trog.
   368 | D        | Found an iron altar of Okawaru.
   368 | D        | Found a basalt altar of Yredelemnul.
   368 | D        | Found a snail-covered altar of Cheibriados.
   368 | D        | Found a sacrificial altar of Ru.
   368 | D        | Found a shadowy altar of Dithmenos.
   368 | D        | Noticed a yak
   369 | D        | Found an opulent altar of Gozag.
   373 | D        | Killed a yak
   374 | D        | Gained mutation: You have a pair of small horns on your
                  | head. [demonic ancestry]
   374 | D        | Reached XP level 7. HP: 46/61 MP: 7/7
   374 | D        | Found a sparkling altar of Nemelex Xobeh.
   378 | D        | Bought a runed leather armour for 145 gold pieces
   394 | D        | Killed a shining eye
   395 | D        | Noticed Sonja
   395 | D        | Noticed a shining eye
   395 | D        | Noticed a centaur warrior
   401 | D        | Noticed a deep troll
   402 | D        | Killed a centaur warrior
   404 | D        | Succumbed to Sonja's poison

Illustrated notes

Levels and vault maps discovered:
D:        dungeon_sprint_1 [red_sonja_temple_1, red_sonja_temple_small_1]

Skill      XL: |  1  2  3  4  5  6  7 |
---------------+----------------------+-----
Fighting       | 3 4 6 7 8 |  8.6
Long Blades    | 3 4 6 7 8 |  8.1
Armour         | 2 3 5 6 7 |  7.5
Dodging        | 3 5 6 7 8 |  8.1
Throwing       | |  1.7

Action                   |  1- 3 |  4- 6 |  7- 9 || total
-------------------------+-------+-------+-------++-------
Melee: Long sword        |    10 |    18 |     2 ||    30
       Punch             |       |     1 |       ||     1
       Headbutt          |       |       |     1 ||     1
Throw: Throwing net      |     3 |     1 |       ||     4
Evoke: Wand              |       |       |     3 ||     3
  Use: Potion            |     1 |     2 |     1 ||     4
       Scroll            |       |       |     1 ||     1
 Stab: Held in net/web   |     2 |       |       ||     2
Armor: Leather armour    |       |     1 |     3 ||     4
Dodge: Dodged            |     2 |     7 |     9 ||    18
